 Dungeon Crawl Stone Soup version 0.29-a0-1023-g6ae1a4a2c7 (webtiles) character file.

Game seed: 9497254641141548983

3561 ytrimaz the Fighter (level 9, -2/79 HPs)
             Began as a Demonspawn Berserker on Aug 11, 2022.
             Was an Elder of Trog.
             Slain by Grum
             ... wielding a +0 spear
              (11 damage)
             ... on level 8 of the Dungeon.
             The game lasted 00:06:33 (7675 turns).

ytrimaz the Fighter (Demonspawn Berserker)          Turns: 7675, Time: 00:06:33

Health: -2/79      AC: 14    Str: 22    XL:     9   Next: 83%
Magic:  9/9        EV:  9    Int:  8    God:    Trog [****..]
Gold:   435        SH:  0    Dex: 13    Spells: 8/8 levels left

rFire   + . .      SeeInvis .   a - +1 hand axe (freeze)
rCold   . . .      Faith    +   (no shield)
rNeg    + . .      Spirit   .   o - +1 chain mail {rF+}
rPois   .          Reflect  .   (no helmet)
rElec   .          Harm     .   q - +0 cloak
rCorr   .          Rampage  .   (no gloves)
Will    ++...                   h - +0 pair of boots
Stlth   ..........              k - amulet of faith
HPRegen 1.23/turn               x - ring of positive energy
MPRegen 0.11/turn               (no ring)

@: mighty, strong-willed, regenerating, studying Fighting
A: claws 1, powered by pain 3, spiny 1, sturdy frame 1
a: Renounce Religion, Berserk, Trog's Hand, Brothers in Arms


You were on level 8 of the Dungeon.
You worshipped Trog.
Trog was greatly pleased with you.
You visited 2 branches of the dungeon, and saw 9 of its levels.

You collected 435 gold pieces.

Inventory:

Hand Weapons
 a - a +1 hand axe of freezing (weapon)
Missiles
 A - a throwing net (quivered)
Armour
 b - a +0 animal skin
 h - a +0 pair of boots (worn)
 o - a +1 chain mail of fire resistance (worn)
 q - a +0 cloak (worn)
Jewellery
 k - an amulet of faith (around neck)
 x - a ring of positive energy (left claw)
Wands
 m - a wand of charming (10)
Scrolls
 c - 2 scrolls of enchant weapon
 g - a scroll of immolation
 i - a scroll of fog
 n - 3 scrolls of noise
 r - 3 scrolls of teleportation
 w - 2 scrolls of magic mapping
 y - a scroll of brand weapon
 B - 2 scrolls of blinking
Potions
 d - a potion of flight
 e - 4 potions of attraction
 f - 4 potions of haste
 l - a potion of might {unknown}
 p - 2 potions of mutation {unknown}
 s - 2 potions of magic {unknown}
 t - a potion of degeneration {unknown}
 u - 4 potions of lignification {unknown}
 v - a potion of berserk rage {unknown}
 z - a potion of brilliance {unknown}


   Skills:
 + Level 10.6 Fighting
 - Level 6.5 Axes
 + Level 7.6 Armour
 - Level 1.7 Dodging


You had 8 spell levels left.
You didn't know any spells.
Your spell library was empty.

Dungeon Overview and Level Annotations

Branches:
Dungeon (8/15)             Temple (1/1) D:6
   Lair: D:8-11

Altars:
Cheibriados
Dithmenos
Fedhas
Gozag
Hepliaklqana
Makhleb
Qazlal
Sif Muna
Uskayaw
Vehumet
Wu Jian
Yredelemnul

Annotations:
D:4 1 runed translucent door, SirDiesAlot's ghost, amateur DsVM
D:8 Grum


Innate Abilities, Weirdness & Mutations

You have sharp fingernails.
You are powered by pain.
You are partially covered in sharp spines.
Your movements are slightly less encumbered by armour. (ER -2)


Message History

The wolf is struck by your spines. The wolf bites you but does no damage.
The wolf barely misses you.
You closely miss the wolf. You hit the wolf. You freeze the wolf.
The wolf is struck by your spines.
You kill the wolf!
Trog accepts your kill. The wolf is struck by your spines. The wolf bites you!
Grum completely misses you.
You barely miss the wolf.
The wolf is lightly wounded.
The wolf bites you but does no damage. The wolf misses you.
Grum hits you from afar with a +0 spear!
You focus on the pain.
You feel very mighty all of a sudden.
You closely miss the wolf.
The wolf is lightly wounded.
The wolf bites you!
Grum hits you from afar with a +0 spear!
The wolf is struck by your spines. The wolf completely misses you.
Unknown command.
You are too injured to fight recklessly!
You closely miss the wolf.
The wolf is heavily wounded.
The wolf is struck by your spines. The wolf bites you.
Grum hits you from afar with a +0 spear!
* * * LOW HITPOINT WARNING * * *
Unknown command.
The wolf is struck by your spines.
You kill the wolf!
Trog accepts your kill. Grum hits you but does no damage.
You see here a wolf corpse.
Unknown command.
You feel better. Grum is struck by your spines. Grum hits you with a +0 spear!
* * * LOW HITPOINT WARNING * * *
Your skin crawls.
You feel strong-willed.
Grum glances around and shouts, "Bowser!
Here boy!"
Grum hits you with a +0 spear!
You die...

.# ..## #..#.
#...############
##.............########
##..........###.........
.......g................
.......@#.#.#.#.#.#.#.#.
###..........#.......#..
#.###†#.#.#.#...#.#.#. #
#.#.......#....... #
#.###.#.#.#...#.#. . #.
#.# #.............
#.##.####.#####.#...##..#.
#.......#..####...........
........##...####.#.#.#.#.


You could see Grum.

Vanquished Creatures
  Pikel (D:6)
  Grinder (D:6)
  A steam dragon (D:7)
  Edmund (D:4)
  A water moccasin (D:7)
  Duvessa (D:6)
  4 sky beasts
  An orc warrior (D:8)
  A black bear (D:6)
  An ogre (D:4)
  4 wolves (D:8)
  3 centaurs
  3 lemures (D:6)
  3 phantoms
  2 bullfrogs
  2 scorpions
  Dowan (D:6)
  3 wights (D:6)
  A howler monkey (D:6)
  A jelly (D:7)
  2 hounds (D:5)
  3 orc priests
  4 iguanas
  2 orc wizards
  Terence (D:3)
  4 gnolls (D:6)
  6 adders
  A shadow imp (D:8)
  3 white imps (D:5)
  An ufetubus (D:6)
  2 worms (D:3)
  A dart slug (D:3)
  16 orcs
  6 bats
  3 endoplasms
  3 giant cockroaches
  10 goblins
  5 hobgoblins
  4 quokkas
  9 ball pythons
  A frilled lizard (D:2)
  6 kobolds
  5 rats
134 creatures vanquished.

Notes
Turn   | Place    | Note
-------+----------+-------------------------------------------
     0 | D:1      | ytrimaz the Demonspawn Berserker began the quest for the
                  | Orb.
     0 | D:1      | Reached XP level 1. HP: 18/18 MP: 1/1
   311 | D:1      | Gained mutation: You sometimes gain a little power by
                  | taking damage. [demonic ancestry]
   311 | D:1      | Reached XP level 2. HP: 24/24 MP: 2/2
   869 | D:2      | Reached XP level 3. HP: 15/29 MP: 3/3
  1101 | D:2      | Reached ** piety under Trog
  1217 | D:2      | Found a faded altar of an unknown god.
  2223 | D:3      | Noticed Terence
  2236 | D:3      | Killed Terence
  2237 | D:3      | Gained mutation: Your movements are slightly less
                  | encumbered by armour. (ER -2) [demonic ancestry]
  2237 | D:3      | Reached XP level 4. HP: 16/37 MP: 4/4
  2283 | D:3      | Identified the ring "Elustah" {*Slow MP+9 Str+5 Int+2}
  2302 | D:3      | HP: 1/37 [worm (11)]
  2602 | D:3      | Found a radiant altar of Vehumet.
  2957 | D:3      | Reached skill level 4 in Fighting
  3289 | D:4      | Gained mutation: You are partially covered in sharp spines.
                  | [demonic ancestry]
  3289 | D:4      | Reached XP level 5. HP: 38/42 MP: 5/5
  3331 | D:4      | Noticed an ogre
  3343 | D:4      | Killed an ogre
  3344 | D:4      | Reached skill level 5 in Axes
  3346 | D:4      | Reached *** piety under Trog
  3353 | D:4      | Gained mutation: You sometimes gain power by taking damage.
                  | [demonic ancestry]
  3353 | D:4      | Reached XP level 6. HP: 30/49 MP: 6/6
  3355 | D:4      | Noticed Edmund
  3366 | D:5      | Entered Level 5 of the Dungeon
  3548 | D:4      | Killed Edmund
  4014 | D:4      | Found a runed translucent door.
  4173 | D:4      | Noticed SirDiesAlot's ghost (amateur DsVM)
  4318 | D:5      | Identified the +3 short sword "Bioxus" {freeze, *Slow
                  | Int+4}
  4446 | D:5      | Found a stormy altar of Qazlal.
  4462 | D:5      | Gained mutation: You have sharp fingernails. [demonic
                  | ancestry]
  4462 | D:5      | Reached XP level 7. HP: 24/55 MP: 7/7
  4508 | D:5      | Reached skill level 5 in Fighting
  5161 | D:6      | Found a staircase to the Ecumenical Temple.
  5192 | D:6      | Reached skill level 6 in Fighting
  5203 | D:6      | Noticed Pikel
  5206 | Temple   | Entered the Ecumenical Temple
  5394 | D:6      | Killed Pikel
  5395 | D:6      | Reached skill level 7 in Fighting
  5395 | D:6      | Reached XP level 8. HP: 46/67 MP: 8/8
  5588 | D:6      | Found a burning altar of Makhleb.
  5876 | D:6      | Noticed Grinder
  5894 | D:6      | Killed Grinder
  5895 | D:6      | Reached skill level 8 in Fighting
  5895 | D:6      | Reached skill level 5 in Armour
  6298 | D:6      | Noticed Duvessa
  6309 | D:6      | Killed Duvessa
  6309 | D:6      | Noticed Dowan
  6310 | D:6      | Gained mutation: You are powered by pain. [demonic
                  | ancestry]
  6310 | D:6      | Reached XP level 9. HP: 59/75 MP: 9/9
  6321 | D:6      | Killed Dowan
  6881 | D:7      | Reached skill level 9 in Fighting
  7208 | D:7      | Reached **** piety under Trog
  7663 | D:8      | Noticed Grum
  7667 | D:8      | Reached skill level 10 in Fighting
  7675 | D:8      | Slain by Grum

Illustrated notes

Levels and vault maps discovered:
D:1:      nzn_arrival_crosshair, layout_loops_ring
D:2:      layout_rooms, hellmonk_ecumenical_altar_zigzags
D:3:      layout_rooms, fiery_altar_vehumet, portal_sewer_entry_b, uniq_terence
D:4:      layout_loops_ring, ebering_ghost_sewer_d, uniq_edmund
D:5:      layout_cave_pools, mainiacjoe_overflow_cross_hatched,
          minmay_misc_feat_tiny
D:6:      layout_gridville, general_overflow_altar,
          minmay_temple_entry_stoned_glass, uniq_grinder, uniq_pikel,
          uniq_duvessa
D:7:      layout_basic
D:8:      layout_rooms, lair_entry_dummy, hangedman_decor_riveting,
          hangedman_decor_push, uniq_grum
Temple:   dpeg_three_leaves_temple

Skill      XL: |  1  2  3  4  5  6  7  8  9 |
---------------+----------------------------+-----
Axes           | 3 4 5 6 |  6.5
Fighting       | 4 7 8 10 | 10.6
Armour         | 4 5 7 |  7.6
Dodging        | |  1.7

Action                   |  1- 3 |  4- 6 |  7- 9 || total
-------------------------+-------+-------+-------++-------
Melee: Hand axe          |   109 |   140 |   211 ||   460
       Punch             |     1 |     1 |     2 ||     4
Invok: Berserk           |     1 |     4 |     3 ||     8
       Trog's Hand       |       |       |     2 ||     2
  Use: Scroll            |     5 |     3 |     4 ||    12
       Potion            |       |     3 |     1 ||     4
 Stab: Sleeping          |     2 |       |       ||     2
Armor: Animal skin       |    18 |     1 |       ||    19
       Chain mail        |       |    50 |   120 ||   170
Dodge: Dodged            |    89 |    55 |    95 ||   239

Table legend: (Time is in decaauts)
 A = Elapsed time spent in this place.
 B = Non-inter-level travel time spent in this place.
 C = Inter-level travel time spent in this place.
 D = Time resting spent in this place.
 E = Time spent auto-exploring this place.
 F = Levels seen in this place.
 G = Mean time per level.
                   A        B        C        D        E       F      G
               +--------+--------+--------+--------+--------+-----+--------+
         Total |   7759 |   7580 |    179 |    651 |   5852 |   9 |  862.1 |
       Dungeon |   7585 |   7406 |    179 |    479 |   5852 |   8 |  948.1 |
        Temple |    173 |    173 |      0 |    172 |      0 |   1 |  173.0 |
               +--------+--------+--------+--------+--------+-----+--------+

Top non-repeatable levels by time:
     D:6: 1587 daAuts
     D:3: 1278 daAuts
     D:2: 1052 daAuts
     D:5: 964 daAuts
     D:4: 929 daAuts
     D:1: 844 daAuts
     D:7: 716 daAuts
     D:8: 211 daAuts
  Temple: 173 daAuts
